 Seeded DCSS version 0.30.1-9-gdf580d7c3d (webtiles) character file.

Game seed: 7229806256980976716 (custom seed)

23 Psyclone the Stinger (level 3, 21/21 HPs)
             Began as an Octopode Venom Mage on Oct 3, 2023.
             Quit the game on level 3 of the Dungeon.
             The game lasted 00:01:30 (617 turns).

Psyclone the Stinger (Octopode Venom Mage)           Turns: 617, Time: 00:01:31

Health: 21/21      AC:  4    Str:  7    XL:     3   Next: 0%
Magic:  6/6        EV: 13    Int: 19    God:
Gold:   38         SH:  4    Dex: 12    Spells: 5/6 levels left

rFire   + . .        c - +3 Elemental Staff {rElec rF+ rC+ AC+3}
rCold   + . .        (no shield)
rNeg    . . .        (helmet restricted)
rPois   +            (no amulet)
rElec   +            (no ring)
rCorr   .            (no ring)
SInv    .            (no ring)
Will    .....        (no ring)
Stlth   +++          (no ring)
HPRegen 0.23/turn    (no ring)
MPRegen 0.10/turn    (no ring)
                     (no ring)

%: no passive effects
@: no status effects
A: almost no armour, amphibious, 8 rings, camouflage 1, gelatinous body 1,
(nimble swimmer 1), tentacles, large bone plates 1, poison resistance
a: no special abilities


You were on level 3 of the Dungeon.
You visited 1 branch of the dungeon, and saw 3 of its levels.

You collected 38 gold pieces.

Inventory:

Hand Weapons
 c - the +3 Elemental Staff (weapon) {rElec rF+ rC+ AC+3}
   (You acquired it on level 1 of the Dungeon)

   It enhances your fire, ice, earth and air magic.
   AC:        It affects your AC (+3).
   rF:        It protects you from fire.
   rC:        It protects you from cold.
   rElec:     It insulates you from electricity.
Jewellery
 d - the ring "Yjoxom" {Contam rPois rC++ MP+9 Int+8 Dex-4}
   (You acquired it on level 1 of the Dungeon)

   [ring of magical power]

   Int:       It affects your intelligence (+8).
   Dex:       It affects your dexterity (-4).
   rC:        It greatly protects you from cold.
   rPois:     It protects you from poison.
   MP:        It affects your magic capacity (+9).
   Contam:    It causes magical contamination when unequipped.
 e - the ring of the Mage {Wiz Archmagi}
   (You acquired it on level 1 of the Dungeon)

   [ring of wizardry]

   It improves your spell success rate.
   Archmagi:  It increases the power of your magical spells.
Scrolls
 b - 2 scrolls of amnesia {unknown}
Potions
 a - a potion of magic


   Skills:
 + Level 2.3 Dodging
 + Level 3.2 Stealth
 + Level 2.2 Spellcasting
 + Level 1.4 Transmutations
 + Level 3.9 Poison Magic


You had 5 spell levels left.
You knew the following spells:

 Your Spells              Type           Power      Damage    Failure   Level
a - Sting                 Tmut/Pois      48%        1d5       5%          1

Your spell library contained the following spells:

 Spells                   Type           Power      Damage    Failure   Level
 Poisonous Vapours        Pois/Air       28%        N/A       11%         2
 Cigotuvi's Dreadful Rot  Necr/Pois/Air  20%        N/A       14%         2
 Mephitic Cloud           Conj/Pois/Air  10%        N/A       28%         3
 Olgreb's Toxic Radiance  Pois           17%        N/A       32%         4
 Dispel Undead            Necr           2%         3d7       86%         4
 Death Channel            Necr           1%         N/A       100%        6


Dungeon Overview and Level Annotations

Branches:
Dungeon (3/15) Zot: 17378

Altars:


Innate Abilities, Weirdness & Mutations

You cannot wear most types of armour.
You are amphibious.
You can wear up to eight rings at the same time.
Your skin changes colour to match your surroundings (Stealth+).
Your rubbery body absorbs attacks. (AC +1, EV +1)
((You are camouflaged when in or above water. (Stealth+)))
You have tentacles for arms and can constrict up to eight enemies at once.
You are partially covered in large bone plates. (SH +4)
Your system is resistant to poisons. (rPois)


Message History

You take 8 damage, and have 9/17 hp.
MASSIVE DAMAGE!!
You hit the worm.
You kill the worm!
The rat misses you.
You hit the rat.
You kill the rat!
Things that are here:
a rat corpse; a worm corpse You see here 3 poisoned darts.
You see here a giant cockroach corpse.
Health restored: 17 A bat comes into view.
Found a pair of gloves and a potion of mutation.
You barely miss the bat. Your grab misses the bat. The bat barely misses you.
The bat closely misses you.
You hit the bat. Your grab misses the bat.
The bat is moderately wounded.
The bat hits you but does no damage. The bat misses you.
You hit the bat but do no damage. Your grab misses the bat.
The bat is moderately wounded.
The bat barely misses you. x2
You hit the bat.
You kill the bat!
You have reached level 3!
Your experience leads to an increase in your attributes!
Your base attributes are Str 7, Int 17, Dex 12.
Increase (S)trength, (I)ntelligence, or (D)exterity?
You feel clever. x2
Health restored: 21; MP restored: 6 You see here a +0 pair of gloves.
You see here a potion of mutation.
Really quaff the potion of mutation?
You feel extremely strange.
You no longer become unable to read scrolls after taking damage.
You feel stupid. x2
Large bone plates grow over parts of your tentacles.
You feel resistant to poisons.
Unknown command.
Unknown command.
Are you sure you want to abandon this character and quit the game? (Confirm with "yes".)

#.# #.## #.# #..### #.# #.#
##...## #.# #.# ###..# #.# #.#
##.# #.# #.# #.# #.# #.#
#.###.# #......$...# #.#
#..##.# ##.....$..... #.#
##.##@# #............ #.#
#.##.# #............ #.# #..#[#
#............ #.# ##..†# #.....
......
#.#################.#.#######..
#...........†(†................
##################..###########
#..# # #.##


There were no monsters in sight!

Vanquished Creatures
  An adder (D:2)
  2 worms
  2 bats
  An endoplasm (D:2)
  A giant cockroach (D:3)
  A quokka (D:2)
  A frilled lizard (D:1)
  A rat (D:3)
10 creatures vanquished.

Notes
Turn   | Place    | Note
-------+----------+-------------------------------------------
     0 | D:1      | Psyclone the Octopode Venom Mage began the quest for the
                  | Orb.
     0 | D:1      | Reached XP level 1. HP: 11/11 MP: 3/3
    80 | D:1      | Identified 3 scrolls of acquirement
    80 | D:1      | Acquired the ring of the Mage {Wiz Archmagi}
    80 | D:1      | Found the ring of the Mage {Wiz Archmagi}
    86 | D:1      | Acquired the ring "Yjoxom" {Contam rPois rC++ MP+9 Int+8
                  | Dex-4}
   207 | D:1      | Acquired the +3 Elemental Staff {rElec rF+ rC+ AC+3}
   207 | D:1      | Found the +3 Elemental Staff {rElec rF+ rC+ AC+3}
   398 | D:1      | Gained mutation: You occasionally lose the ability to read
                  | scrolls when taking damage. [potion of mutation]
   398 | D:1      | Gained mutation: Your mind is acute. (Int +4, Str/Dex -1)
                  | [potion of mutation]
   398 | D:1      | Gained mutation: Your mind is very acute. (Int +8, Str/Dex
                  | -2) [potion of mutation]
   456 | D:2      | Reached XP level 2. HP: 10/17 MP: 0/5
   613 | D:3      | Reached XP level 3. HP: 21/21 MP: 6/6
   616 | D:3      | Lost mutation: You occasionally lose the ability to read
                  | scrolls when taking damage. [potion of mutation]
   616 | D:3      | Lost mutation: Your mind is very acute. (Int +8, Str/Dex
                  | -2) [potion of mutation]
   616 | D:3      | Lost mutation: Your mind is acute. (Int +4, Str/Dex -1)
                  | [potion of mutation]
   616 | D:3      | Gained mutation: You are partially covered in large bone
                  | plates. (SH +4) [potion of mutation]
   616 | D:3      | Gained mutation: Your system is resistant to poisons.
                  | (rPois) [potion of mutation]
   617 | D:3      | Quit the game

Illustrated notes

Levels and vault maps discovered:
D:1:      spicycebolla_arrival_ecumenical, layout_loops_ring
D:2:      layout_basic
D:3:      layout_rooms, mainiacjoe_overflow_paths, gammafunk_ghost_necromancy

Skill      XL: |  1 |
---------------+----+-----
Stealth        | 3 |  3.2
Dodging        | |  2.3
Spellcasting   | |  2.2
Transmutations | |  1.4
Poison Magic   | |  3.9

Action                     || total
---------------------------++-------
  Melee: Staff             ||    26
         Constrict         ||     5
         Tentacles         ||     4
   Cast: Sting             ||     6
    Use: Scroll            ||     3
         Potion            ||     2
 Armour: Skin              ||     6
  Dodge: Dodged            ||    34
